 Dungeon Crawl Stone Soup version 0.28-a0-1130-gc51a68064b (webtiles) character file.

Game seed: 5454605608481581728

240 pokeman the Magician (level 5, -2/29 HPs)
             Began as a Deep Elf Hedge Wizard on Dec 12, 2021.
             Killed by miscasting Conjure Flame (5 damage)
             ... on level 2 of the Dungeon.
             The game lasted 00:06:44 (3642 turns).

pokeman the Magician (Deep Elf Hedge Wizard)        Turns: 3642, Time: 00:06:45

Health: -2/29      AC:  4    Str:  7    XL:     5   Next: 79%
Magic:  9/25       EV: 12    Int: 21    God:
Gold:   152        SH:  0    Dex: 14    Spells: 6/17 levels left

rFire   . . .      SeeInvis .   m - +0 mace
rCold   . . .      Faith    .   (no shield)
rNeg    . . .      Spirit   .   a - +0 leather armour
rPois   +          Reflect  .   c - +0 hat
rElec   .          Harm     .   (no cloak)
rCorr   .          Rampage  .   (no gloves)
Will    .....                   s - +0 pair of boots
Stlth   ++........              (no amulet)
HPRegen 0.09/turn               k - ring of magical power
MPRegen 0.19/turn               n - ring of poison resistance

@: on blink cooldown, very slightly contaminated
A: no striking features
a: no special abilities


You were on level 2 of the Dungeon.
You visited 1 branch of the dungeon, and saw 3 of its levels.
You also visited: Sewer.

You collected 152 gold pieces.

Inventory:

Hand Weapons
 g - a +0 shortbow
 m - a +0 mace (weapon)
Missiles
 d - 33 arrows
Armour
 a - a +0 leather armour (worn)
 c - a +0 hat (worn)
 s - a +0 pair of boots (worn)
Jewellery
 h - a +6 ring of strength
 k - a ring of magical power (left hand)
 n - a ring of poison resistance (right hand)
Wands
 t - a wand of paralysis (8)
Scrolls
 b - a scroll of fog {unknown}
 e - a scroll of vulnerability {unknown}
 f - 2 scrolls of identify {unknown}
 i - a scroll of noise {unknown}
 l - a scroll of enchant armour {unknown}
 o - a scroll of enchant weapon {unknown}
 p - a scroll of teleportation {unknown}
 r - 3 scrolls of amnesia {unknown}
Potions
 j - a potion of heal wounds
 q - a potion of mutation {unknown}
 u - 3 potions of flight
 v - 2 potions of curing
 w - a potion of attraction {unknown}


   Skills:
 - Level 1.0 Fighting
 - Level 1.0 Armour
 - Level 3.1 Dodging
 + Level 2.8 Stealth
 * Level 6.6 Spellcasting
 + Level 2.9 Conjurations
 - Level 1.1 Summonings
 - Level 1.1 Translocations
 - Level 1.5 Fire Magic
 + Level 0.6 Air Magic


You had 6 spell levels left.
You knew the following spells:

 Your Spells              Type           Power      Damage    Failure   Level
a - Magic Dart            Conj           76%        1d6       4%          1
b - Mephitic Cloud        Conj/Pois/Air  11%        N/A       24%         3
c - Call Imp              Summ           11%        N/A       13%         2
d - Blink                 Tloc           22%        N/A       13%         2
e - Conjure Flame         Conj/Fire      16%        6-21      16%         3

Your spell library contained the following spells:

 Spells                   Type           Power      Damage    Failure   Level
 Searing Ray              Conj           38%        2d5       6%          2
 Slow                     Hex            24%        N/A       14%         1
 Confusing Touch          Hex            6%         N/A       38%         3
 Vampiric Draining        Necr           6%         2d6       38%         3
 Fulminant Prism          Conj/Hex       6%         3d7       58%         4


Dungeon Overview and Level Annotations

Branches:
Dungeon (3/15)              Sewer (visited)

Altars:

Shops:
D:2 (

Annotations:
D:3 Grinder


Message History

The adder bites your iron imp but does no damage.
The endoplasm freezes you.
You are frozen.
* * * LOW HITPOINT WARNING * * *
Your iron imp hits the adder!
The adder dies!
Unknown command.
Your iron imp barely misses the gnoll.
The endoplasm barely misses you.
There is an escape hatch in the ceiling here.
The endoplasm freezes you.
You are frozen.
* * * LOW HITPOINT WARNING * * *
A mysterious force pulls you upwards. The hatch slams shut behind you.
Unknown command.
Casting: Call Imp (safe; 13% risk of failure)
Confirm with . or Enter, or press ? or * to list all spells.
You blink.
You feel stable enough to blink again.
There is an open door here.
There is an open door here.
The endoplasm jiggles.
Casting: Blink (safe; 13% risk of failure)
Confirm with . or Enter, or press ? or * to list all spells.
You blink.
You feel stable enough to blink again.
You open the door. The endoplasm freezes you.
You are frozen.
* * * LOW HITPOINT WARNING * * *
Casting: Blink (safe; 13% risk of failure)
Confirm with . or Enter, or press ? or * to list all spells.
You blink.
Casting: Blink (safe; 13% risk of failure)
Confirm with . or Enter, or press ? or * to list all spells.
The spell is quite dangerous to miscast (16% risk of failure)!
Continue anyway?
You miscast Conjure Flame.
You are very lightly contaminated with residual magic.
Sparks fly from your hands.
You die...

##........#.## #........# #..
###########.# #.##.###.# ### #
#.# #.##.###.## # ##'##
#.#.......# ##)..## #.#.......#
### ##.....## #.#.......# # #.##
##[......## #.........# #
...####<........####.........####
......+.........@................
...####.........####.........####
..## ##.......## ##.######## #.#
##.....## #.# #.# ##...## #.# #.#
##'## #.# #.# #J# #.# #.#
######.# #.# #.####....#.## #.#


You could see an endoplasm.

Vanquished Creatures
  A kobold brigand (Sewer)
  5 gnolls (D:3)
  2 river rats (Sewer)
  4 adders
  A worm (D:3)
  A dart slug (D:3)
  An orc (D:3)
  4 ball pythons
  5 bats
  2 endoplasms (D:1)
  3 giant cockroaches
  6 goblins
  4 hobgoblins
  7 kobolds
  4 quokkas
  A frilled lizard (D:2)
  3 rats
54 creatures vanquished.

Vanquished Creatures (collateral kills)
  An adder (D:3)
  An endoplasm (D:3)
  A rat (Sewer)
3 creatures vanquished.

Vanquished Creatures (others)
  7 fungi (D:2)
  3 toadstools (D:2)
10 creatures vanquished.

Grand Total: 67 creatures vanquished

Notes
Turn   | Place    | Note
-------+----------+-------------------------------------------
     0 | D:1      | pokeman the Deep Elf Hedge Wizard began the quest for the
                  | Orb.
     0 | D:1      | Reached XP level 1. HP: 10/10 MP: 7/7
   485 | D:1      | Reached XP level 2. HP: 16/16 MP: 4/9
   616 | D:1      | Found a faded altar of an unknown god.
  1184 | D:2      | Reached skill level 5 in Spellcasting
  1304 | D:2      | Reached XP level 3. HP: 13/20 MP: 11/11
  1308 | D:2      | Learned a level 3 spell: Mephitic Cloud
  1311 | D:2      | Learned a level 2 spell: Call Imp
  1314 | D:2      | Learned a level 2 spell: Blink
  1318 | D:2      | Learned a level 3 spell: Conjure Flame
  1468 | D:2      | Found Wuleostry's Weapon Emporium.
  2156 | D:2      | Reached skill level 1 in Fighting
  2156 | D:2      | Reached skill level 1 in Armour
  2477 | D:3      | Reached XP level 4. HP: 13/25 MP: 13/13
  2543 | D:3      | Found a glowing drain.
  2637 | Sewer    | Entered a sewer
  2667 | Sewer    | Reached skill level 1 in Fire Magic
  2980 | Sewer    | Noticed a kobold brigand
  3055 | Sewer    | Killed a kobold brigand
  3056 | Sewer    | Reached skill level 6 in Spellcasting
  3056 | Sewer    | Reached XP level 5. HP: 4/29 MP: 0/15
  3371 | Sewer    | Found a white marble altar of Elyvilon.
  3520 | D:3      | Noticed Grinder
  3577 | D:3      | HP: 1/29 [frozen (5)]
  3642 | D:2      | Killed by miscasting Conjure Flame

Illustrated notes

Levels and vault maps discovered:
D:1:      minmay_arrival_plants_in_alcoves, layout_loops_corners,
          basic_ecumenical_altar, chequers_serial_rivers_micro_c
D:2:      layout_loops_corners, serial_shops, nicolae_shop_bloodbath_and_beyond,
          hangedman_decor_points, minmay_gold_behind_fungi
D:3:      layout_loops_ring, portal_sewer_entry_f, uniq_grinder, uniq_robin

Skill      XL: |  1  2  3  4 |
---------------+-------------+-----
Spellcasting   | 5 6 |  6.6
Fighting       | 1 |  1.0
Armour         | 1 |  1.0
Conjurations   | 2 |  2.9
Fire Magic     | 1 |  1.5
Dodging        | 3 |  3.1
Stealth        | |  2.8
Summonings     | |  1.1
Translocations | |  1.1
Air Magic      | |  0.6

Action                   |  1- 3 |  4- 6 || total
-------------------------+-------+-------++-------
Melee: Mace              |     4 |    20 ||    24
 Cast: Magic Dart        |    79 |    64 ||   143
       Mephitic Cloud    |     2 |     5 ||     7
       Conjure Flame     |     1 |     3 ||     4
       Call Imp          |       |     3 ||     3
       Blink             |       |     4 ||     4
  Use: Potion            |     4 |       ||     4
 Stab: Sleeping          |     1 |       ||     1
       Confused          |       |     1 ||     1
Armor: Robe              |     2 |       ||     2
       Leather armour    |     1 |     9 ||    10
Dodge: Dodged            |    18 |    40 ||    58

Table legend: (Time is in decaauts)
 A = Elapsed time spent in this place.
 B = Non-inter-level travel time spent in this place.
 C = Inter-level travel time spent in this place.
 D = Time resting spent in this place.
 E = Time spent auto-exploring this place.
 F = Levels seen in this place.
 G = Mean time per level.
                   A        B        C        D        E       F      G
               +--------+--------+--------+--------+--------+-----+--------+
         Total |   3699 |   3647 |     52 |    601 |   2347 |   4 |  924.8 |
       Dungeon |   2869 |   2817 |     52 |     75 |   2187 |   3 |  956.3 |
         Sewer |    830 |    830 |      0 |    526 |    160 |   1 |  830.0 |
               +--------+--------+--------+--------+--------+-----+--------+

Top non-repeatable levels by time:
     D:2: 1294 daAuts
     D:1: 1155 daAuts
   Sewer: 830 daAuts
     D:3: 419 daAuts
